General information
			
			
        
        - name: BNet
 
        - type: Ladder team game (AT/RT)
 
        - host: Battle.net
 
        - saver: TIMG4STRok
 
        
map: Monsoon 
        - players: 6
 
        - length: 08:49
 
        - speed: Fast
 - version: 1.22 W3XP
 - replay type:  

 
» download(61 KB)
Players
        team 1 (loser) 
              
              
» 
TALONSAREIMBA (
green | 108 APM | 916 actions | 08:29)
              
 2 Warden 
 1 Shadow Strike
 1 Blink
 
                » actions 
                
                | Assign group hotkey | 12 |  | 
| Basic commands | 61 |  | 
| Build / train | 22 |  | 
| ESC pressed | 1 |  | 
| Enter build submenu | 7 |  | 
| Enter hero's abilities submenu | 2 |  | 
| Remove unit from queue | 1 |  | 
| Right click | 521 |  | 
| Select / deselect | 184 |  | 
| Select group hotkey | 74 |  | 
| Use ability | 31 |  | 
                916 total
 » units 
                » buildings
                
                | Altar of Elders | 1 |  | 
| Moon Well | 3 |  | 
| Hunter's Hall | 1 |  | 
| Ancient of War | 2 |  | 
| Tree of Ages | 1 |  | 
                8 total
 » build order
                00:05 Altar of Elders
00:06 Moon Well
01:24 Hunter's Hall
01:47 Ancient of War
02:09 Ancient of War
02:20 Moon Well
03:49 Moon Well
04:44 Tree of Ages
» items
                
                | Scroll of Healing | 1 |  | 
| Potion of Lesser Invulnerability | 1 |  | 
                2 total
  
               
              
              
» 
TIEHACKON (
orange | 75 APM | 659 actions | 08:43)
              
 1 Death Knight 
 1 Death Coil
 
                » actions 
                
                | Assign group hotkey | 29 |  | 
| Basic commands | 105 |  | 
| Build / train | 15 |  | 
| Enter build submenu | 9 |  | 
| Enter hero's abilities submenu | 1 |  | 
| Right click | 303 |  | 
| Select / deselect | 137 |  | 
| Select group hotkey | 36 |  | 
| Use ability | 24 |  | 
                659 total
 » units 
                » buildings
                
                | Crypt | 2 |  | 
| Ziggurat | 3 |  | 
| Altar of Darkness | 1 |  | 
| Nerubian Tower | 1 |  | 
| Tomb of Relics | 1 |  | 
                8 total
 » build order
                00:07 Crypt
00:09 Ziggurat
00:16 Crypt
00:35 Altar of Darkness
00:57 Ziggurat
01:21 Nerubian Tower
01:26 Tomb of Relics
02:41 Ziggurat
» items
                 
               
              
              
» 
TIMG4STRok (
pink | 75 APM | 660 actions | 08:49)
              
 1 Demon Hunter 
 1 Mana Burn
 
                » actions 
                
                | Assign group hotkey | 3 |  | 
| Basic commands | 78 |  | 
| Build / train | 16 |  | 
| Enter build submenu | 5 |  | 
| Enter hero's abilities submenu | 1 |  | 
| Give item / drop item | 2 |  | 
| Right click | 411 |  | 
| Select / deselect | 75 |  | 
| Select group hotkey | 54 |  | 
| Use ability | 15 |  | 
                660 total
 » units 
                » upgrades
                » buildings
                
                | Altar of Elders | 1 |  | 
| Moon Well | 2 |  | 
| Hunter's Hall | 1 |  | 
| Ancient of War | 1 |  | 
| Tree of Ages | 1 |  | 
                6 total
 » build order
                00:13 Altar of Elders
00:20 Moon Well
01:28 Hunter's Hall
01:47 Ancient of War
02:12 Moon Well
03:20 Tree of Ages
» items
                
                | Boots of Speed | 1 |  | 
| Staff of Teleportation | 1 |  | 
                2 total
  
               team 2 (winner) 
              
              
CwazyMistaWong (
teal | 60 APM | 533 actions | 08:49)
              
 2 Blademaster 
 1 Wind Walk
 1 Critical Strike
 
                » actions 
                
                | Assign group hotkey | 1 |  | 
| Basic commands | 2 |  | 
| Build / train | 32 |  | 
| ESC pressed | 2 |  | 
| Enter build submenu | 14 |  | 
| Enter hero's abilities submenu | 2 |  | 
| Right click | 326 |  | 
| Select / deselect | 135 |  | 
| Use ability | 19 |  | 
                533 total
 » units 
                
                | Peon | 8 |  | 
| Troll Headhunter/Berserker | 11 |  | 
                19 total
 » upgrades
                » buildings
                
                | Altar of Storms | 1 |  | 
| Orc Burrow | 4 |  | 
| Voodoo Lounge | 1 |  | 
| War Mill | 1 |  | 
| Barracks | 2 |  | 
| Stronghold | 1 |  | 
| Watch Tower | 1 |  | 
                11 total
 » build order
                00:11 Altar of Storms
00:22 Orc Burrow
00:51 Voodoo Lounge
01:41 War Mill
02:00 Barracks
02:12 Barracks
02:39 Orc Burrow
03:31 Orc Burrow
05:40 Orc Burrow
07:19 Stronghold
07:59 Watch Tower
» items
                
                | Healing Salve | 1 |  | 
| Lesser Clarity Potion | 3 |  | 
| Boots of Speed | 1 |  | 
| Staff of Teleportation | 1 |  | 
                6 total
  
               
              
              
Snor (
purple | 45 APM | 401 actions | 08:49)
              
 1 Demon Hunter 
 1 Mana Burn
 
                » actions 
                
                | Assign group hotkey | 15 |  | 
| Basic commands | 46 |  | 
| Build / train | 26 |  | 
| Enter build submenu | 10 |  | 
| Enter hero's abilities submenu | 1 |  | 
| Right click | 92 |  | 
| Select / deselect | 118 |  | 
| Select group hotkey | 73 |  | 
| Use ability | 20 |  | 
                401 total
 » units 
                » upgrades
                
                | Strength of the Moon | 1 |  | 
| Moon Armor | 1 |  | 
                2 total
 » buildings
                
                | Altar of Elders | 1 |  | 
| Moon Well | 5 |  | 
| Ancient of War | 2 |  | 
| Hunter's Hall | 1 |  | 
                9 total
 » build order
                00:17 Altar of Elders
00:19 Moon Well
01:12 Ancient of War
01:44 Moon Well
01:56 Ancient of War
02:17 Moon Well
02:40 Moon Well
04:43 Hunter's Hall
05:52 Moon Well
 
               
              
              
» 
VENJUNSE (
blue | 78 APM | 693 actions | 08:49)
              
 3 Warden 
 2 Shadow Strike
 1 Blink
 
                » actions 
                
                | Assign group hotkey | 25 |  | 
| Basic commands | 75 |  | 
| Build / train | 23 |  | 
| ESC pressed | 2 |  | 
| Enter build submenu | 11 |  | 
| Enter hero's abilities submenu | 3 |  | 
| Right click | 248 |  | 
| Select / deselect | 95 |  | 
| Select group hotkey | 175 |  | 
| Use ability | 36 |  | 
                693 total
 » units 
                » buildings
                
                | Altar of Elders | 1 |  | 
| Moon Well | 5 |  | 
| Hunter's Hall | 1 |  | 
| Ancient of War | 2 |  | 
| Tree of Ages | 1 |  | 
                10 total
 » build order
                00:06 Altar of Elders
00:18 Moon Well
01:41 Hunter's Hall
01:44 Ancient of War
01:59 Ancient of War
02:18 Moon Well
03:30 Moon Well
05:44 Moon Well
08:28 Tree of Ages
08:30 Moon Well
 
                Chat log
          (00:42 / All) VENJUNSE: with our agility combined
(00:43 / All) TALONSAREIMBA: gl hf manner game
(00:47 / All) TIMG4STRok: gg gl.....
(01:10 / Allies) TIMG4STRok: vince "at least i don't have diabetes" young
(04:00 / Allies) TIMG4STRok: yo
(04:03 / Allies) TIMG4STRok: lets help kodos get this guy...
(04:23 / All) VENJUNSE: lololo
(04:35 / Allies) TIMG4STRok: damn i had a surround on him too...
(04:42 / All) VENJUNSE: we had our friend befriend you and give us win roflroflroflrofl
(04:49 / All) TALONSAREIMBA: not really
(05:53 / Allies) TIMG4STRok: man
(05:56 / Allies) TIMG4STRok: its kind of sad
(05:59 / Allies) TIMG4STRok: that you even dodge the stab
(06:03 / Allies) TIMG4STRok: by getting on a smurf
(07:15 / Allies) TIMG4STRok: cant even talk
(07:19 / Allies) TIMG4STRok: cant even say 1 word..........
(07:47 / All) VENJUNSE: i own
(08:28 / All) TIEHACKON: gg guys wp
(08:36 / All) Snor: gg
(08:46 / All) TIMG4STRok: nah not wp...........had a stabber.............. in case you didnt notice..................